 Dungeon Crawl Stone Soup version 0.30.1-5-ged363bc7ee (webtiles) character file.

Game seed: 15810180206788575409

43 Ivernyr the Ducker (level 3, 18/18 HPs)
             Began as a Spriggan Gladiator on Sept 19, 2023.
             Got out of the dungeon alive.
             The game lasted 00:03:13 (859 turns).

Ivernyr the Ducker (Spriggan Gladiator)              Turns: 859, Time: 00:03:15

Health: 18/18      AC:  2    Str: 12    XL:     3   Next: 37%
Magic:  4/4        EV: 19    Int:  9    God:
Gold:   70         SH:  0    Dex: 16    Spells: 2/2 levels left

rFire   . . .        a - +0 quarterstaff
rCold   . . .        (shield currently unavailable)
rNeg    . . .        b - +0 robe
rPois   .            c - +0 hat
rElec   .            (no cloak)
rCorr   .            (gloves unavailable)
SInv    +            (boots unavailable)
Will    .....        (no amulet)
Stlth   +            (no ring)
HPRegen 0.23/turn    (no ring)
MPRegen 0.09/turn

%: no passive effects
@: very quick
A: very small, no large weapons, unfitting armour, see invisible, speed 3
a: no special abilities


You escaped.
You visited 1 branch of the dungeon, and saw 2 of its levels.

You collected 70 gold pieces.

Inventory:

Hand Weapons
 a - a +0 quarterstaff (weapon)
Missiles
 d - 3 throwing nets (quivered)
 e - 2 boomerangs
Armour
 b - a +0 robe (worn)
 c - a +0 hat (worn)
Scrolls
 g - a scroll of summoning {unknown}
 h - a scroll of teleportation {unknown}
Potions
 f - a potion of curing {unknown}


   Skills:
 + Level 2.1 Fighting
 * Level 2.8 Staves
 - Level 2.0 Throwing
 + Level 4.5 Dodging


You had 2 spell levels left.
You didn't know any spells.
Your spell library was empty.

Dungeon Overview and Level Annotations

Branches:
Dungeon (2/15)

Altars:


Innate Abilities, Weirdness & Mutations

You are very small and have problems with some larger weapons.
You are too small for most types of armour.
You have supernaturally acute eyesight. (SInv)
You cover ground extremely quickly. (Speed+++)


Message History

The jackal misses you.
You hit the jackal.
The jackal is heavily wounded.
The jackal closely misses you. The jackal barely misses you.
You closely miss the jackal.
The jackal is heavily wounded.
The jackal misses you.
You hit the jackal but do no damage.
The jackal is heavily wounded.
The jackal barely misses you. The jackal misses you.
You hit the jackal.
You kill the jackal!
The jackal bites you but does no damage.
You hit the jackal.
The jackal is moderately wounded.
The jackal completely misses you. The jackal closely misses you.
You hit the jackal.
You kill the jackal!
A bat comes into view.
Things that are here:
a jackal corpse; a jackal corpse
Found 16 gold pieces.
You sock the bat!
You kill the bat!
You now have 70 gold pieces (gained 16).
(D) Dungeon
Where to? (? - help)
What level of the Dungeon? (default 1, ? - help)
Things that are here:
a jackal corpse; a jackal corpse
There is a stone staircase leading up here.
HP restored.
You climb upwards.
There is a stone staircase leading down here.
You see here a staff of earth.
There is a large open door here.
There is a staircase leading out of the dungeon here.
You can't go down here!
Are you sure you want to leave the Dungeon?
This will make you lose the game!
You have escaped!

..[..#.# #..# #....##... †.##.#.#
####..# ####.##... †.##.#.#
#.....# #...... ..##.#.# #.###.#
####.#.. ..##...# #.#
############....#.. .)##..## #.#
#8≈≈≈≈≈≈≈8#....##. ..##..# #.#
#.........#.#..##. ......# #.#
#.........#.#..##. .÷....#####.#
#@...8....'.#..##. ............#
#..§.8....'.#..##.
..#.#>..########.........#.#.....
...............#.§§......#.#.....
..###...########8§§≈≈≈≈≈8#...#...
..# ##.## ###########...#... .##
#.# #.# ##.####..# .#####.#######
#.###.#)###..# .............#
##[##|###.....#


There were no monsters in sight!

Vanquished Creatures
  An adder (D:2)
  6 bats
  5 endoplasms (D:1)
  2 goblins (D:1)
  5 hobgoblins
  3 jackals (D:2)
  2 ball pythons (D:1)
  2 frilled lizards (D:1)
  2 kobolds (D:1)
  3 rats (D:1)
31 creatures vanquished.

Notes
Turn   | Place    | Note
-------+----------+-------------------------------------------
     0 | D:1      | Ivernyr the Spriggan Gladiator began the quest for the Orb.
     0 | D:1      | Reached XP level 1. HP: 10/10 MP: 2/2
   175 | D:1      | Reached XP level 2. HP: 15/15 MP: 3/3
   776 | D:2      | Reached XP level 3. HP: 18/18 MP: 4/4
   859 | D:$      | Got out of the dungeon alive.

Illustrated notes

Levels and vault maps discovered:
D:1:      lightli_arrival_noodles, layout_loops_ring, minmay_door_square
D:2:      layout_basic, hellmonk_ecumenical_altar_pennies_from_heaven,
          basic_altar, uniq_natasha

Skill      XL: |  1  2 |
---------------+-------+-----
Fighting       | 2 |  2.1
Staves         | |  2.8
Throwing       | |  2.0
Dodging        | |  4.5

Action                     || total
---------------------------++-------
  Melee: Quarterstaff      ||    83
   Stab: Sleeping          ||     2
 Armour: Robe              ||    12
  Dodge: Dodged            ||    77
